 Dungeon Crawl Stone Soup version 0.18-a0-1514-g6ed9364 (webtiles) character file.

1528 Tomstefer the Cleaver (level 8, 0/74 HPs)
             Began as a Minotaur Gladiator on Mar 4, 2016.
             Slain by an ice beast (2 damage)
             ... on level 6 of the Dungeon on Mar 6, 2016.
             The game lasted 00:12:15 (4393 turns).

Tomstefer the Cleaver (Minotaur Gladiator)          Turns: 4393, Time: 00:12:16

Health: 0/74       AC:  9    Str: 26    XL:     8   Next: 55%
Magic:  7/7        EV:  8    Int:  5    God:
Gold:   182        SH:  3    Dex: 12    Spells: 0 memorised, 7 levels left

rFire  . . .     SeeInvis .     a - +0 war axe
rCold  . . .     Gourm    +     b - +0 chain mail
rNeg   . . .     Faith    .     t - +0 buckler
rPois  .         Spirit   .     c - +0 hat
rElec  .         Dismiss  .     (no cloak)
rCorr  .         Reflect  .     s - +0 pair of gloves
SustAt .         Harm     .     (no boots)
MR     +....                    H - amulet of the gourmand
Stlth  ..........               (no ring)
                                C - ring of protection from magic

@: mighty, somewhat resistant to hostile enchantments, extremely unstealthy
A: retaliatory headbutt, horns 2
a: no special abilities


You were on level 6 of the Dungeon.
You were not hungry.

You visited 2 branches of the dungeon, and saw 7 of its levels.

You collected 182 gold pieces.

Inventory:

Hand Weapons
 a - a +0 war axe (weapon)
Missiles
 d - 3 throwing nets (quivered)
 l - 9 tomahawks of returning
Armour
 b - a +0 chain mail (worn)
 c - a +0 hat (worn)
 s - a +0 pair of gloves (worn)
 t - a +0 buckler (worn)
Jewellery
 i - an uncursed ring of fire
 n - an uncursed ring of fire
 C - a ring of protection from magic (left hand)
 H - an amulet of the gourmand (around neck)
Wands
 J - a wand of flame (20/48)
Scrolls
 g - 3 scrolls of remove curse {unknown}
 m - 2 scrolls of identify {unknown}
 o - 2 scrolls of random uselessness {unknown}
 p - a scroll of fear {unknown}
 u - 2 scrolls of blinking {unknown}
 v - 2 scrolls of recharging {unknown}
 x - a scroll of noise {unknown}
 y - 2 scrolls of teleportation {unknown}
 z - 2 scrolls of magic mapping {unknown}
 B - a scroll of enchant weapon {unknown}
 D - a scroll of enchant armour {unknown}
 F - a scroll of amnesia {unknown}
Potions
 e - a potion of invisibility {unknown}
 j - 3 potions of might
 k - 4 potions of curing {unknown}
 q - 3 potions of magic {unknown}
 E - a potion of lignification {unknown}
 G - a potion of resistance {unknown}
 I - a potion of brilliance {unknown}
 K - a potion of ambrosia {unknown}
Comestibles
 f - 5 bread rations
 h - a royal jelly
 r - a beef jerky
 w - 2 meat rations
 A - 3 fruits
 L - a slice of pizza


   Skills:
 + Level 7.9 Fighting
 * Level 10.9 Axes
 - Level 2.0 Throwing
 - Level 3.2 Dodging


You had 7 spell levels left.
You didn't know any spells.

Dungeon Overview and Level Annotations

Branches:
Dungeon (6/15)             Temple (1/1) D:5

Altars:
Ashenzari
Cheibriados
Dithmenos
Elyvilon
Fedhas
Gozag
Kikubaaqudgha
Makhleb
Nemelex Xobeh
Pakellas
Qazlal
Ru
Trog
Vehumet
Xom
Yredelemnul
Zin
The Shining One


Innate Abilities, Weirdness & Mutations

You reflexively headbutt those who attack you in melee.
You have a pair of horns on your head.


Message History

It was a potion of might.
You feel very mighty all of a sudden. The iguana barely misses you.
The ice beast hits you but does no damage.
You closely miss the ice beast.
The ice beast is severely wounded.
You slash the iguana!
You kill the iguana!
The ice beast hits you.
* * * LOW HITPOINT WARNING * * *
The ice beast freezes you.
* * * LOW HITPOINT WARNING * * *
You closely miss the ice beast.
The ice beast is severely wounded.
The ice beast hits you but does no damage.
Unknown command.
You closely miss the ice beast. Your headbutt misses the ice beast.
The ice beast is severely wounded.
The ice beast hits you.
You die...

### ####.#
##....####
#.....#..###.##
#....<.........
#...@Y†........
###..###..##..#
#### ..# ....
..... ..#8..8
..##..# ... ...


You could see an ice beast.

Vanquished Creatures
  Pikel (D:5)
  Sigmund (D:2)
  A sky beast (D:5)
  2 phantoms
  A giant frog (D:6)
  A scorpion (D:5)
  A crimson imp (D:3)
  2 hounds (D:5)
  3 orc priests (D:3)
  2 orc wizards (D:3)
  2 iguanas
  3 worker ants
  7 adders
  An ooze (D:1)
  5 worms
  4 dart slugs
  4 giant geckos
  24 orcs
  2 giant cockroaches
  7 goblins
  8 hobgoblins
  11 jackals
  7 kobolds
  3 quokkas
  A ball python (D:2)
  5 bats
  3 giant newts
  7 rats
119 creatures vanquished.

Vanquished Creatures (others)
  A crimson imp (D:5)
  A hound (D:5)
  An orc (D:5)
  A goblin (D:5)
  A jackal (D:5)
5 creatures vanquished.

Grand Total: 124 creatures vanquished

Notes
Turn   | Place    | Note
--------------------------------------------------------------
     0 | D:1      | Tomstefer the Minotaur Gladiator began the quest for the Orb.
     0 | D:1      | Reached XP level 1. HP: 18/18 MP: 0/0
   104 | D:1      | Reached skill level 4 in Axes
   150 | D:1      | Reached XP level 2. HP: 16/25 MP: 1/1
   649 | D:1      | Reached XP level 3. HP: 31/31 MP: 2/2
  1134 | D:2      | Found a glowing golden altar of the Shining One.
  1173 | D:2      | Reached skill level 5 in Axes
  1177 | D:2      | Found a shadowy altar of Dithmenos.
  1241 | D:2      | Reached XP level 4. HP: 40/40 MP: 3/3
  1436 | D:2      | Noticed Sigmund
  1443 | D:2      | Killed Sigmund
  1443 | D:2      | Reached skill level 6 in Axes
  1443 | D:2      | Reached XP level 5. HP: 38/47 MP: 4/4
  1515 | D:2      | Found a basalt altar of Yredelemnul.
  1772 | D:3      | Reached XP level 6. HP: 32/55 MP: 5/5
  1780 | D:3      | Reached skill level 5 in Fighting
  1780 | D:3      | Reached skill level 7 in Axes
  2236 | D:3      | Reached skill level 8 in Axes
  2507 | D:3      | Reached XP level 7. HP: 59/62 MP: 6/6
  2626 | D:3      | Upgraded the game from 0.18-a0-1497-g788d838 to 0.18-a0-1507-g69458e0
  2642 | D:3      | Upgraded the game from 0.18-a0-1507-g69458e0 to 0.18-a0-1514-g6ed9364
  3052 | D:4      | Reached skill level 9 in Axes
  3114 | D:5      | Entered Level 5 of the Dungeon
  3115 | D:5      | Found a staircase to the Ecumenical Temple.
  3125 | Temple   | Entered the Ecumenical Temple
  3369 | D:5      | Noticed Pikel
  3387 | D:5      | Killed Pikel
  3387 | D:5      | Reached skill level 10 in Axes
  3387 | D:5      | Reached XP level 8. HP: 38/73 MP: 7/7
  3888 | D:5      | Found a shimmering altar of Xom.
  3891 | D:5      | Found a stormy altar of Qazlal.
  3894 | D:5      | Found a glowing silver altar of Zin.
  4123 | D:5      | Found a radiant altar of Vehumet.
  4391 | D:6      | HP: 1/74 [ice beast (5)]
  4393 | D:6      | Slain by an ice beast

Vault maps used:
D:1:      eino_arrival_cavern_b, serial_corexii_hall, corexii_hall_statues_i,
          corexii_hall_statues_x
D:2:      nicolae_dithmenos_shadow_blocks, nicolae_overflow_crystal_walls,
          nicolae_tso_carved_into_rock, uniq_sigmund
D:5:      grunt_temple_overflow_diamond, minmay_temple_entry_trees, first_bread,
          grunt_ministairs_6, vehumet_altar_wand_db, uniq_pikel
D:6:      st_stairs_6, minmay_misc_feat_four_crosses
Temple:   circular_temple_pool_12

Skill      XL: |  1  2  3  4  5  6  7 |
---------------+----------------------+-----
Axes           | 4 5 6 8 10 | 10.9
Fighting       | 3 4 5 7 |  7.9
Throwing       | |  2.0
Dodging        | |  3.2

Action                   |  1- 3 |  4- 6 |  7- 9 || total
-------------------------+-------+-------+-------++-------
Melee: War axe           |    59 |   103 |   141 ||   303
  Use: Potion            |       |       |     1 ||     1
  Eat: Chunk             |     1 |     4 |    10 ||    15
